 Dungeon Crawl Stone Soup version 0.30-a0-1157-g2cc9ac7196 (webtiles) character file.

Game seed: 548951622613740935

2 cforsyth the Caller (level 1, 0/14 HPs)
             Began as a Demigod Summoner on Apr 24, 2023.
             Frozen to death by an endoplasm (4 damage)
             ... on level 1 of the Dungeon.
             The game lasted 00:00:16 (85 turns).

cforsyth the Caller (Demigod Summoner)                Turns: 85, Time: 00:00:16

Health: 0/14       AC:  2    Str:  9    XL:     1   Next: 20%
Magic:  3/5        EV: 12    Int: 17    God:
Gold:   0          SH:  0    Dex: 14    Spells: 2/3 levels left

rFire   . . .        (no weapon)
rCold   . . .        (no shield)
rNeg    . . .        a - +0 robe
rPois   .            (no helmet)
rElec   .            (no cloak)
rCorr   .            (no gloves)
SInv    .            (no boots)
Will    .....        (no amulet)
Stlth   ++           (no ring)
HPRegen 0.22/turn    (no ring)
MPRegen 0.09/turn

%: no passive effects
@: no status effects
A: high MP 1, forlorn, divine attributes
a: no special abilities


You were on level 1 of the Dungeon.
You visited 1 branch of the dungeon, and saw 1 of its levels.

Inventory:

Armour
 a - a +0 robe (worn)
Potions
 b - a potion of magic


   Skills:
 - Level 1.7 Dodging
 - Level 1.7 Stealth
 + Level 1.8 Spellcasting
 + Level 3.6 Summonings


You had 2 spell levels left.
You knew the following spells:

 Your Spells              Type           Power      Damage    Failure   Level
a - Summon Small Mammal   Summ           56%        N/A       4%          1

Your spell library contained the following spells:

 Spells                   Type           Power      Damage    Failure   Level
 Call Imp                 Summ           28%        N/A       7%          2
 Call Canine Familiar     Summ           14%        N/A       13%         3
 Summon Guardian Golem    Hex/Summ       7%         N/A       28%         3
 Summon Lightning Spire   Summ/Air       7%         N/A       67%         4


Dungeon Overview and Level Annotations

Branches:
Dungeon (1/15)


Innate Abilities, Weirdness & Mutations

You have an increased reservoir of magic. (+10% MP)
You shall have no god before yourself.
Your divine heritage dramatically boosts your attributes as you level up.


Message History

You swap places.
Your bat hits the endoplasm but does no damage.
The endoplasm hits your bat but does no damage.
The goblin closely misses you.
You barely miss the goblin.
Your bat disappears in a puff of smoke!
The goblin hits you with a +0 dagger.
You hit the goblin.
The goblin is moderately wounded.
Your bat hits the endoplasm but does no damage.
Your bat hits the endoplasm. The goblin closely misses you.
Your bat hits the endoplasm. The endoplasm freezes you.
You are frozen.
You closely miss the goblin. Your punch misses the goblin.
The goblin is moderately wounded.
Your bat hits the endoplasm but does no damage. x2
The goblin hits you with a +0 dagger.
Your bat hits the endoplasm but does no damage.
The endoplasm freezes you.
You are frozen.
* * * LOW HITPOINT WARNING * * *
You are too injured to fight recklessly!
You are too injured to fight recklessly!
You are too injured to fight recklessly!
You are too injured to fight recklessly!
You are too injured to fight recklessly!
Your bat hits the goblin. The goblin misses your bat.
Your bat misses the goblin.
You are too injured to fight recklessly!
Casting: Summon Small Mammal (safe; 4% risk of failure)
Confirm with . or Enter, or press ? or * to list all spells.
Your bat misses the goblin. Your bat hits the endoplasm.
Your bat hits the goblin.
The goblin hits your bat with a +0 dagger.
Your bat dies!
Your bat's corpse disappears in a puff of smoke!
The endoplasm freezes you.
You are frozen.
You die...

#.##.# #.# ##
#.##.# ###.# .. ###
##.##.# ##.... .
... ..##.###.....
#####. #.#
#§##.##......
......##.#
#.##.#.......
#.bg#.#
##............
#§J###...########..
#.@....#.## ..##.#
#..###...#.# #.#..
$...b#
##.##.8####'..
##.####
#.##.#...#'.. ...
...#.#.<..#.. ###
...#.#...##..
..#.#.######
..#..## ####


You could see an endoplasm (ally target), a goblin, a bat and a friendly bat
(summoned).

Vanquished Creatures (collateral kills)
  A hobgoblin (D:1)
  A rat (D:1)
2 creatures vanquished.

Notes
Turn   | Place    | Note
-------+----------+-------------------------------------------
     0 | D:1      | cforsyth the Demigod Summoner began the quest for the Orb.
     0 | D:1      | Reached XP level 1. HP: 14/14 MP: 5/5
    85 | D:1      | Frozen to death by an endoplasm

Illustrated notes

Levels and vault maps discovered:
D:1:      saegor_arrival_simple_e, layout_loops_ring, minmay_misc_feat_doors

Action                     || total
---------------------------++-------
  Melee: Unarmed           ||     3
   Cast: Summon Small Mamm ||     6
  Dodge: Dodged            ||     2

Table legend: (Time is in decaauts)
 A = Elapsed time spent in this place.
 B = Non-inter-level travel time spent in this place.
 C = Inter-level travel time spent in this place.
 D = Time resting spent in this place.
 E = Time spent auto-exploring this place.
 F = Levels seen in this place.
 G = Mean time per level.
                   A        B        C        D        E       F      G
               +--------+--------+--------+--------+--------+-----+--------+
         Total |     85 |     85 |      0 |      0 |     44 |   1 |   85.0 |
       Dungeon |     85 |     85 |      0 |      0 |     44 |   1 |   85.0 |
               +--------+--------+--------+--------+--------+-----+--------+

Top non-repeatable levels by time:
     D:1: 85 daAuts
